 Dungeon Crawl Stone Soup version 0.30.0-29-ga12c61a403 (webtiles) character file.

Game seed: 6704826669800933576

639 qw the Chopper (level 7, -7/43 HPs)
             Began as a Gargoyle Fighter on June 4, 2023.
             Mangled by an orc warrior
             ... wielding a +0 mace
              (8 damage)
             ... on level 5 of the Dungeon.
             The game lasted 00:02:09 (3418 turns).

qw the Chopper (Gargoyle Fighter)                   Turns: 3418, Time: 00:02:10

Health: -7/43      AC: 11    Str: 21    XL:     7   Next: 51%
Magic:  7/7        EV: 15    Int:  9    God:
Gold:   209        SH:  4    Dex:  9    Spells: 6/6 levels left

rFire   + . .        Y - +0 war axe (chaos)
rCold   + . .        c - +0 buckler
rNeg    + . .        i - +0 ring mail {rC+}
rPois   inf          (no helmet)
rElec   +            (no cloak)
rCorr   .            f - +0 pair of gloves
SInv    .            (no boots)
Will    .....        (no amulet) Stlth
                     a - +5 ring of evasion
HPRegen 0.27/turn    n - ring of protection from fire
MPRegen 0.10/turn

%: no passive effects
@: about to teleport
A: sickness immunity, AC +4, negative energy resistance 1, electricity
resistance, torment resistance 1, petrification resistance
a: no special abilities


You were on level 5 of the Dungeon.
You visited 2 branches of the dungeon, and saw 6 of its levels.

You collected 209 gold pieces.


Innate Abilities, Weirdness & Mutations

You are immune to sickness and miasma.
Your stone body is resilient. (AC +4)
You are immune to poison.
You resist negative energy. (rN+)
You are resistant to electric shocks. (rElec)
You are resistant to unholy torment.
You are immune to petrification.


   Skills:
 - Level 4.2 Fighting
 + Level 6.9 Axes
 - Level 3.2 Armour
 - Level 1.0 Dodging
 - Level 3.2 Shields


You had 6 spell levels left.
You didn't know any spells.
Your spell library was empty.

Inventory:

Hand Weapons
 p - a +0 flail
 Y - a +0 war axe of chaos (weapon)
Missiles
 g - a boomerang (quivered)
Armour
 b - a +0 scale mail
 c - a +0 buckler (worn)
 f - a +0 pair of gloves (worn)
 i - a +0 ring mail of cold resistance (worn)
 q - the +1 leather armour of Boredom {+Inv Int-4 Slay+3}
   (You found it on level 5 of the Dungeon)

   Int:       It affects your intelligence (-4).
   Slay:      It affects your accuracy & damage with ranged weapons and melee
   (+3).
   +Inv:      It lets you turn invisible.
Jewellery
 a - a +5 ring of evasion (left hand)
 n - a ring of protection from fire (right hand)
Scrolls
 l - 2 scrolls of teleportation
 m - 2 scrolls of identify
 r - a scroll of blinking {unknown}
 s - a scroll of enchant weapon {unknown}
Potions
 d - 2 potions of might
 e - 2 potions of mutation
 h - a potion of brilliance {unknown}
 j - a potion of flight {unknown}
 k - 3 potions of curing
 o - a potion of degeneration {unknown}

Dungeon Overview and Level Annotations

Branches:
Dungeon (5/15)             Temple (1/1) D:4

Altars:
Ashenzari
Cheibriados
Dithmenos
Elyvilon
Fedhas
Gozag
Hepliaklqana
Makhleb
Nemelex Xobeh
Ru
Sif Muna
Trog
Uskayaw
Wu Jian
Xom
Yredelemnul
The Shining One


Message History

You barely miss the orc warrior.
The orc warrior is moderately wounded.
The orc warrior hits you but does no damage.
You barely miss the orc warrior.
The orc warrior is moderately wounded.
The orc warrior hits you but does no damage.
You barely miss the orc warrior.
The orc warrior is moderately wounded.
The orc warrior barely misses you.
The orc warrior hits you with a +0 mace.
You barely miss the orc warrior.
The orc warrior is moderately wounded.
The orc warrior closely misses you.
You barely miss the orc warrior.
The orc warrior is moderately wounded.
The orc warrior hits you with a +0 mace!
You hit the orc warrior but do no damage.
The orc warrior is moderately wounded.
The orc warrior hits you but does no damage.
You hit the orc warrior but do no damage.
The orc warrior is poisoned.
The orc warrior is moderately wounded.
The orc warrior closely misses you.
You hit the orc warrior but do no damage.
The orc warrior is moderately wounded.
The orc warrior misses you.
You slash the orc warrior! You freeze the orc warrior.
The orc warrior is heavily wounded.
The orc warrior hits you with a +0 mace. x2
3416 ||| READING 3 scrolls of teleportation.
As you read the scroll of teleportation, it crumbles to dust.
You feel strangely unstable. The orc warrior barely misses you.
You hit the orc warrior but do no damage.
The orc warrior is almost dead.
The orc warrior hits you with a +0 mace!
You closely miss the orc warrior.
The orc warrior is almost dead.
The orc warrior hits you with a +0 mace!
You die...

#####
##...###
......
#....#
#....#
#..o.#
###@.####
#.......#
#....##.#
#....## #
#.....#.#
#.......#
###%#.#.#
#.#...#
#.###..##


You could see an orc warrior (poisoned).

Vanquished Creatures
  An ice beast (D:4)
  An ogre (D:4)
  A vampire bat (D:3)
  A hound (D:4)
  2 orc priests
  A sleepcap (D:4)
  2 orc wizards
  4 adders
  3 gnolls (D:3)
  A shadow imp (D:5)
  A worm (D:5)
  A dart slug (D:1)
  3 fire bats (D:3)
  17 orcs
  2 spectral bats (D:3)
  12 bats (D:3)
  3 bat skeletons (D:3)
  A bat zombie (D:3)
  8 endoplasms
  3 giant cockroaches
  8 hobgoblins
  4 jackals (D:1)
  7 kobolds
  3 quokkas
  2 ball pythons (D:3)
  A bat simulacrum (D:3)
  2 frilled lizards
  7 goblins
  4 rats
106 creatures vanquished.

Notes
Turn   | Place    | Note
-------+----------+-------------------------------------------
     0 | D:1      | qw the Gargoyle Fighter began the quest for the Orb.
     0 | D:1      | Reached XP level 1. HP: 14/14 MP: 1/1
     0 | D:1      | 0 ||| qw: Version: 0.2-a-107-g4668610
     0 | D:1      | 0 ||| qw: Game counter: 1258
     0 | D:1      | 0 ||| qw: Always use a shield: true
     0 | D:1      | 0 ||| qw: God list: Okawaru
     0 | D:1      | 0 ||| qw: Allow faded altars: false
     0 | D:1      | 0 ||| qw: Do Orc after D:15 true
     0 | D:1      | 0 ||| qw: Do second Lair branch before Depths: true
     0 | D:1      | 0 ||| qw: Lair rune preference: random
     0 | D:1      | 0 ||| qw: Plans: Normal, Zot:1-4, Slime:5, God:TSO, Crypt,
                  | Tomb, Abyss, Pan, Hells, Win
     0 | D:1      | 0 ||| PLANNING D:1-11
    25 | D:1      | Reached skill level 2 in Axes
   296 | D:1      | Reached XP level 2. HP: 19/19 MP: 2/2
   486 | D:1      | 486 ||| Stepping ~*~*~tactically~*~*~ (stealth).
   507 | D:1      | Reached skill level 3 in Axes
   687 | D:1      | 687 ||| UPGRADING to +0 pair of gloves.
   692 | D:1      | 692 ||| READING scroll labelled TAESHI SUARCH.
   693 | D:1      | 693 ||| READING scroll labelled KEUCWO OCKAT.
   694 | D:1      | 694 ||| DRINKING 2 cyan potions.
   723 | D:2      | Reached XP level 3. HP: 23/23 MP: 3/3
   930 | D:2      | Found a faded altar of an unknown god.
  1125 | D:2      | 1125 ||| READING scroll labelled SUG YDO MYDI.
  1126 | D:2      | 1126 ||| READING scroll labelled OWNISOCZ HAHE.
  1127 | D:2      | 1127 ||| STAIRDANCE
  1129 | D:1      | 1129 ||| DRINKING 3 bubbling black potions.
  1234 | D:1      | 1234 ||| DRINKING 2 sedimented brown potions.
  1235 | D:1      | 1235 ||| READING 3 scrolls of identify.
  1235 | D:1      | 1235 ||| IDENTIFYING fuming puce potion
  1236 | D:1      | 1236 ||| READING 2 scrolls of identify.
  1236 | D:1      | 1236 ||| IDENTIFYING murky yellow potion
  1237 | D:1      | 1237 ||| DROPPING 2 potions of berserk rage.
  1238 | D:1      | 1238 ||| DROPPING potion of ambrosia.
  1239 | D:1      | 1239 ||| DROPPING potion of invisibility.
  1274 | D:3      | 1274 ||| Stepping ~*~*~tactically~*~*~ (stealth).
  1276 | D:3      | 1276 ||| Stepping ~*~*~tactically~*~*~ (stealth).
  1563 | D:3      | 1563 ||| FLEEEEING.
  1564 | D:3      | 1564 ||| FLEEEEING.
  1565 | D:3      | 1565 ||| FLEEEEING.
  1566 | D:3      | 1566 ||| FLEEEEING.
  1567 | D:3      | 1567 ||| FLEEEEING.
  1568 | D:3      | 1568 ||| FLEEEEING.
  1569 | D:3      | 1569 ||| FLEEEEING.
  1613 | D:3      | Reached skill level 4 in Axes
  1613 | D:3      | Reached XP level 4. HP: 28/28 MP: 4/4
  1622 | D:3      | 1622 ||| Stepping ~*~*~tactically~*~*~ (hiding).
  1624 | D:3      | 1624 ||| Stepping ~*~*~tactically~*~*~ (hiding).
  1802 | D:3      | Found a glowing golden altar of the Shining One.
  1818 | D:3      | 1818 ||| FLEEEEING.
  1819 | D:3      | 1819 ||| FLEEEEING.
  1820 | D:3      | 1820 ||| FLEEEEING.
  1822 | D:3      | 1822 ||| Stepping ~*~*~tactically~*~*~ (hiding).
  2076 | D:3      | Reached XP level 5. HP: 32/32 MP: 5/5
  2086 | D:3      | 2086 ||| DROPPING +0 whip.
  2152 | D:3      | Reached skill level 5 in Axes
  2257 | D:3      | Reached XP level 6. HP: 38/38 MP: 6/6
  2355 | D:3      | 2355 ||| UPGRADING to +5 ring of evasion.
  2356 | D:3      | 2356 ||| READING scroll labelled FIEWIL XYATESA.
  2492 | D:4      | 2492 ||| Stepping ~*~*~tactically~*~*~ (stealth).
  2493 | D:4      | 2493 ||| Stepping ~*~*~tactically~*~*~ (stealth).
  2502 | D:4      | Reached skill level 1 in Dodging
  2515 | D:4      | Found an ornate altar of the Wu Jian Council.
  2529 | D:4      | 2529 ||| Stepping ~*~*~tactically~*~*~ (stealth).
  2530 | D:4      | 2530 ||| Stepping ~*~*~tactically~*~*~ (stealth).
  2531 | D:4      | 2531 ||| Stepping ~*~*~tactically~*~*~ (stealth).
  2739 | D:4      | 2739 ||| Stepping ~*~*~tactically~*~*~ (stealth).
  2740 | D:4      | 2740 ||| Stepping ~*~*~tactically~*~*~ (stealth).
  2741 | D:4      | 2741 ||| Stepping ~*~*~tactically~*~*~ (stealth).
  2767 | D:4      | 2767 ||| Stepping ~*~*~tactically~*~*~ (stealth).
  2847 | D:4      | 2847 ||| Stepping ~*~*~tactically~*~*~ (stealth).
  2849 | D:4      | 2849 ||| Stepping ~*~*~tactically~*~*~ (stealth).
  2880 | D:4      | Found a staircase to the Ecumenical Temple.
  2881 | D:4      | 2881 ||| PLANNING TEMPLE
  2881 | D:4      | 2881 ||| UPGRADING to +0 ring mail of cold resistance.
  2891 | D:4      | 2891 ||| UPGRADING to ring of protection from fire.
  2898 | Temple   | Entered the Ecumenical Temple
  2898 | Temple   | Found a transporter.
  2898 | Temple   | Found a transporter.
  2900 | Temple   | Found a transporter.
  2900 | Temple   | Found a transporter.
  2910 | Temple   | 2910 ||| PLANNING D:1-11
  3254 | D:5      | Entered Level 5 of the Dungeon
  3254 | D:5      | Noticed an ice beast
  3258 | D:5      | 3258 ||| STAIRDANCE
  3267 | D:4      | Killed an ice beast
  3268 | D:4      | Reached skill level 6 in Axes
  3268 | D:4      | Reached XP level 7. HP: 39/43 MP: 7/7
  3286 | D:5      | 3286 ||| STAIRDANCE
  3310 | D:5      | Identified the +1 leather armour of Boredom {+Inv Int-4
                  | Slay+3}
  3311 | D:5      | 3311 ||| Stepping ~*~*~tactically~*~*~ (hiding).
  3415 | D:5      | HP: 10/43 [orc warrior/+0 mace (6)]
  3416 | D:5      | 3416 ||| READING 3 scrolls of teleportation.
  3417 | D:5      | HP: 1/43 [orc warrior/+0 mace (9)]
  3418 | D:5      | Mangled by an orc warrior

Levels and vault maps discovered:
D:1:      beargit_arrival_greenhouse, layout_basic
D:2:      layout_rooms, basic_ecumenical_altar
D:3:      layout_loops_corners, nicolae_overflow_crystal_walls, goddamned_bats
D:4:      layout_loops_cross, overflow_temple_1_default,
          minmay_temple_entry_statues_fountains
D:5:      layout_basic
Temple:   hellmonk_temple_divided_pantheon

Skill      XL: |  1  2  3  4  5  6 |
---------------+-------------------+-----
Axes           | 2 3 4 5 6 |  6.9
Fighting       | 4 |  4.2
Dodging        | 1 |  1.0
Armour         | |  3.2
Shields        | |  3.2

Action                     |  1- 3 |  4- 6 |  7- 9 || total
---------------------------+-------+-------+-------++-------
  Melee: War axe           |   128 |   177 |    33 ||   338
  Throw: Boomerang         |       |    47 |     5 ||    52
    Use: Scroll            |     6 |     1 |     1 ||     8
         Potion            |     3 |       |       ||     3
   Stab: Invisible         |     1 |       |       ||     1
 Armour: Scale mail        |    66 |   103 |       ||   169
         Ring mail         |       |     9 |     6 ||    15
  Dodge: Dodged            |    52 |   123 |    21 ||   196
  Block: Buckler           |    24 |    37 |     2 ||    63

Table legend:
 A = Non-vault XP
 B = Vault XP
 C = Vault XP percentage of total XP
 D = Non-vault monster count
 E = Vault monster count
 F = Vault count percentage of total count
                 A         B        C        D         E       F
            +---------+---------+-------+---------+---------+-------
      Total |     737 |     177 |  19.4 |      86 |      20 |  18.9
            +---------+---------+-------+---------+---------+-------
        D:1 |      33 |       0 |   0.0 |      18 |       0 |   0.0
        D:2 |      24 |       0 |   0.0 |       7 |       0 |   0.0
        D:3 |     134 |     177 |  56.9 |      28 |      20 |  41.7
        D:4 |     486 |       0 |   0.0 |      29 |       0 |   0.0
        D:5 |      60 |       0 |   0.0 |       4 |       0 |   0.0
            +---------+---------+-------+---------+---------+-------
